Map: Hills of Peshkov

Players

Resin - Winner!

  • Race: Terran Terran
  • Spawn Location: 7:00

NotSure - Winner!

  • Race: Terran Terran
  • Spawn Location: 6:00

Grumm - Winner!

  • Race: Terran Terran
  • League: Gold
  • Spawn Location: 5:00

A.I. 3 (Medium)

  • Race: Zerg Zerg
  • Spawn Location: 11:00

A.I. 4 (Medium)

  • Race: Terran Terran
  • Spawn Location: 12:00

A.I. 5 (Medium)

  • Race: Protoss Protoss
  • Spawn Location: 1:00

VOD

Have the link to the VOD?

Description

Time

  • Played on: Feb. 6, 2016, 1:45 a.m.
  • Length: 16:44
Show
View Real Time Build Order
Export as new Build Order

Resin Terran - Winner!

Build Orders:  

Get SALT Encoding   

  12  0:02  SCV  
  13  0:14  SCV  
  14  0:26  SCV  
  15  0:43  Supply Depot  
  15  1:00  Supply Depot  
  15  1:05  SCV  
  16  1:20  Barracks  
  16  1:26  Barracks  
  16  1:54  Refinery  
  16  1:57  Refinery, SCV  
  17  2:07  Engineering Bay  
  17  2:09  SCV  
  18  2:15  Marine  
  18  2:16  Barracks  
  18  2:17  Marine  
  18  2:21  SCV  
  21  2:33  Marine, SCV  
  21  2:34  Marine  
  24  2:49  Supply Depot  
  24  2:53  Marine  
  24  2:54  Marine  
  26  3:04  Marine  
  27  3:12  Barracks Reactor  
  27  3:22  Barracks Reactor  
  27  3:29  Bunker  
  27  3:34  Marine  
  28  3:48  Command Center  
  28  3:51  Marine  
  29  4:12  Bunker  
  29  4:18  Barracks Reactor  
  29  4:20  Marine x2  
  31  4:25  Terran Infantry Weapons Level 1  
  31  4:38  SCV  
  32  4:50  SCV  
  33  5:02  Supply Depot, SCV  
  34  5:07  SCV  
  35  5:14  SCV  
  35  5:19  SCV  
  37  5:25  Supply Depot  
  37  5:29  SCV  
  37  5:31  SCV  
  39  5:39  Refinery  
  39  5:41  SCV  
  40  5:43  SCV  
  40  5:45  Refinery  
  40  5:48  Supply Depot  
  41  5:53  SCV  
  41  5:55  SCV  
  43  6:01  Marine x4  
  43  6:02  Marine  
  48  6:05  SCV  
  48  6:08  SCV  
  50  6:11  Supply Depot, Marine  
  51  6:19  Marine x4  
  51  6:20  Marine  
  56  6:35  Supply Depot  
  56  6:37  Missile Turret  
  56  6:48  Factory  
  56  7:07  Marine x2  
  56  7:08  Marine x4  
  60  7:13  Terran Infantry Armor Level 1  
  62  7:25  Marine x3  
  62  7:26  Marine x3  
  62  7:29  Missile Turret  
  68  7:46  Marine  
  68  7:47  Marine x5  
  74  8:04  Marine  
  74  8:05  Marine x5  
  80  8:22  Supply Depot, Marine  
  80  8:23  Marine x5  
  86  8:36  Armory  
  86  8:41  Missile Turret  
  86  8:44  Supply Depot  
  81  9:06  Supply Depot, Marine  
  81  9:07  Marine x5  
  87  9:12  Orbital Command  
  87  9:15  Orbital Command  
  87  9:24  Marine x3  
  87  9:25  Marine x3  
  87  9:28  Supply Depot  
  93  9:38  Missile Turret  
  93  9:40  Missile Turret  
  93  9:42  Marine x6  
  93  9:43  Factory Tech Lab  
  99  9:51  Starport  
  99  10:00  Marine x6  
  105  10:14  Terran Infantry Weapons Level 2  
  105  10:27  Marine x6  
  111  10:45  Marine x6  
  103  11:02  Marine  
  103  11:03  Marine x5  
  106  11:20  Marine  
  107  12:10  Marine  
  107  12:11  Marine x5  
  110  12:28  Marine  
  110  12:29  Marine x5, Terran Infantry Armor Level 2  
  106  12:46  Marine x5  
  106  12:47  Marine  
  112  13:04  Marine x6  
  110  13:22  Marine x6  
  106  14:25  Marine x4  
  106  14:26  Marine x2  
  112  14:43  Marine x6  
  118  15:00  Marine  
  118  15:01  Marine x5  
  124  15:18  Marine  
  124  15:19  Marine  
Show
View Real Time Build Order
Export as new Build Order

NotSure Terran - Winner!

Build Orders:  

Get SALT Encoding   

  12  0:01  SCV  
  13  0:14  SCV  
  14  0:29  Supply Depot  
  14  0:30  SCV  
  15  0:51  SCV  
  15  0:55  Supply Depot  
  16  1:03  SCV  
  17  1:11  Refinery  
  17  1:14  Refinery  
  17  1:15  SCV  
  18  1:26  Barracks  
  18  1:27  SCV  
  19  1:39  SCV  
  20  1:52  SCV  
  21  2:04  SCV  
  21  2:07  Engineering Bay  
  22  2:16  SCV  
  23  2:28  Factory, SCV  
  23  2:29  Barracks Reactor  
  24  2:40  SCV, Barracks  
  25  2:46  Barracks  
  25  2:50  Barracks  
  25  2:52  SCV  
  26  3:09  Marine x2  
  28  3:15  SCV  
  28  3:17  Terran Infantry Weapons Level 1  
  29  3:27  Marine x2  
  29  3:33  Factory  
  31  3:35  Orbital Command  
  31  3:45  Armory  
  31  3:50  Barracks Tech Lab  
  31  3:51  Starport  
  31  3:53  Barracks Reactor  
  31  4:05  Barracks Reactor  
  31  4:22  Supply Depot  
  31  4:28  Factory Tech Lab  
  31  4:37  Factory Tech Lab  
  31  4:43  Marine x2  
  33  4:49  Supply Depot  
  33  4:51  Command Center  
  33  4:59  Marine x2  
  29  5:00  Marauder, Marine x2  
  29  5:01  Marine x2  
  35  5:17  Marine x2  
  37  5:29  Marine x2  
  37  5:35  Marine x2  
  41  5:37  Supply Depot  
  41  5:57  Terran Infantry Armor Level 1  
  41  6:00  Supply Depot  
  37  6:20  Marine  
  37  6:21  Marine x5  
  37  6:23  Marauder, Supply Depot  
  45  6:27  Siege Tank  
  45  6:28  Siege Tank  
  53  6:50  Marine x4  
  57  6:54  Command Center  
  55  7:05  Marauder  
  52  7:12  Medivac  
  54  7:17  Marine x6  
  60  7:31  Refinery  
  60  7:42  Medivac  
  62  7:45  Refinery, Siege Tank  
  62  7:46  Siege Tank  
  68  7:53  Marauder, Marine  
  71  8:05  Marine x5  
  76  8:16  SCV  
  77  8:25  Supply Depot  
  77  8:28  SCV  
  77  8:31  Medivac  
  80  8:35  Marine  
  80  8:36  Marine x2  
  80  8:37  Marine  
  80  8:41  Marine, SCV  
  85  8:46  Marine  
  87  8:51  Marauder  
  87  8:53  SCV  
  90  9:05  SCV  
  90  9:06  Terran Vehicle And Ship Armor Level 1  
  91  9:16  Armory  
  91  9:19  Engineering Bay  
  91  9:57  Marine  
  91  9:58  Marauder  
  94  10:36  Supply Depot  
  94  10:57  Marine x6  
  94  10:58  Marauder  
  94  10:59  Supply Depot  
  102  11:10  Orbital Command  
  102  11:20  Marine x6  
  102  11:21  Marauder  
  102  11:24  Supply Depot  
  110  11:35  Supply Depot  
  110  11:45  Supply Depot, Marine x5  
  110  11:46  Marauder  
  117  11:50  Terran Infantry Weapons Level 2  
  117  11:52  Terran Infantry Armor Level 2  
  117  11:55  Terran Vehicle Weapons Level 1  
  117  11:56  Terran Vehicle And Ship Armor Level 2  
  117  11:57  Thor  
  117  11:59  Supply Depot  
  123  12:06  Thor  
  123  12:07  Marauder, Supply Depot  
  131  12:55  Thor x2  
  143  15:20  Command Center  
  143  15:22  Refinery  
  143  15:24  Refinery  
  143  15:46  Marine x5  
  143  15:47  Marine x2  
Show
View Real Time Build Order
Export as new Build Order

Grumm Terran - Winner!

Build Orders: MMM Bio 

Get SALT Encoding   

  12  0:01  SCV  
  13  0:14  SCV  
  14  0:26  SCV  
  14  0:27  Supply Depot  
  15  0:32  Refinery  
  15  0:43  Refinery  
  15  0:49  SCV  
  16  0:54  Barracks  
  16  1:09  SCV  
  17  1:19  Barracks  
  17  1:23  Barracks  
  17  1:33  SCV  
  18  1:44  Barracks Tech Lab  
  18  1:46  SCV  
  19  1:53  Supply Depot  
  19  1:58  SCV  
  20  2:05  Marauder  
  22  2:16  Orbital Command  
  22  2:22  Marine  
  22  2:25  Marine  
  24  2:30  Marine  
  25  2:37  Supply Depot  
  25  2:43  SCV  
  26  2:48  Barracks Tech Lab  
  26  2:49  Marine  
  27  2:55  Marauder  
  29  3:19  Command Center  
  29  3:25  SCV  
  30  3:28  Reaper  
  30  3:34  Marauder  
  33  3:37  SCV  
  33  3:39  Concussive Shells  
  33  3:41  Combat Shields  
  34  3:52  Engineering Bay  
  34  3:59  Engineering Bay, SCV  
  35  4:24  Barracks Tech Lab  
  35  4:26  Factory  
  35  4:34  Barracks  
  35  4:35  Barracks  
  35  4:36  Terran Infantry Weapons Level 1  
  35  4:39  Terran Infantry Armor Level 1  
  35  4:41  SCV  
  36  4:48  Refinery  
  36  4:49  SCV  
  37  5:12  SCV  
  39  5:14  Orbital Command  
  38  5:24  Barracks Reactor, SCV  
  38  5:25  Barracks Tech Lab  
  39  5:33  Starport  
  39  5:36  SCV  
  39  5:42  SCV  
  41  5:43  Refinery  
  41  5:48  SCV  
  42  5:54  SCV  
  43  6:01  SCV  
  38  6:29  Factory Tech Lab  
  38  6:32  Barracks Reactor  
  38  6:37  Marauder x2  
  38  6:38  Marauder x2  
  46  6:42  Medivac x2  
  50  6:49  Supply Depot  
  50  6:53  Stimpack  
  48  6:58  Marine x2  
  48  6:59  Marine x2  
  50  7:10  Armory  
  50  7:11  Medivac  
  50  7:12  Medivac, Supply Depot  
  54  7:16  Hi-Sec Auto Tracking, Marine x3  
  54  7:17  Marine  
  58  7:23  Marine  
  58  7:24  Marine  
  60  7:34  Marine x3  
  60  7:35  Marine  
  64  7:39  Supply Depot  
  64  7:41  Marine x2  
  66  7:51  Marine  
  66  7:52  Marauder, Marine  
  70  8:00  Supply Depot x2  
  70  8:02  Supply Depot x2  
  70  8:03  SCV  
  70  8:05  SCV  
  72  8:21  Marauder x2  
  72  8:22  Marauder x2  
  80  8:30  Marine  
  80  8:33  Marine  
  82  8:42  Marauder x2  
  82  8:44  Terran Infantry Weapons Level 2  
  86  8:49  Terran Infantry Armor Level 2  
  86  9:14  Medivac  
  86  9:15  Medivac  
  90  9:22  Marauder  
  90  9:23  Marauder x3, Marine x2  
  100  9:40  Marine  
  73  10:10  Liberator  
  61  10:25  Medivac  
  66  10:28  Marine  
  66  10:29  Marine x5  
  72  10:38  Liberator, Supply Depot  
  72  10:40  Supply Depot  
  72  10:43  Supply Depot  
  72  10:46  Marine  
  72  10:47  Marine x5  
  78  10:52  Liberator  
  81  11:03  Terran Infantry Weapons Level 3  
  81  11:04  Marine  
  81  11:05  Terran Infantry Armor Level 3, Marine x5  
  81  11:08  Terran Vehicle And Ship Armor Level 1  
  90  11:22  Marine x4  
  90  11:23  Marine x2  
  96  11:29  Command Center  
  96  11:40  Marine x4  
  100  11:47  Marine  
  100  11:49  Marine  
  102  11:59  Marauder x4  
  110  12:05  Marine  
  110  12:07  Marine  
  112  12:13  Supply Depot  
  112  12:20  Marauder x4  
  120  12:23  Medivac x2, Marine  
  125  12:35  Marine  
  125  12:36  Supply Depot  
  126  12:40  Marine  
  126  12:41  Marauder x3  
  126  12:42  Marauder  
  135  12:52  Marine  
  135  12:53  Medivac x2  
  139  14:21  Marine  
  139  14:22  Marine x5  
  145  14:39  Marine x2  
  145  14:40  Marine x4  
  151  14:57  Marine x2  
  151  14:58  Marine x4  
  157  15:15  Marine x2  
  157  15:16  Marine x4  
  163  15:33  Marine x4  
Show
View Real Time Build Order
Export as new Build Order

A.I. 3 (Medium) Zerg 

Build Orders: Pool First 

Get SALT Encoding   

  12  0:01  Drone  
  13  0:12  Overlord  
  13  0:17  Drone  
  14  0:30  Drone  
  14  0:33  Drone  
  16  0:43  Spawning Pool  
  16  0:46  Drone  
  16  0:49  Drone  
  17  0:53  Extractor  
  17  0:55  Drone  
  17  1:06  Overlord  
  17  1:31  Zergling x2, Queen  
  20  1:33  Zergling x2  
  20  1:38  Drone  
  20  1:39  Roach Warren  
  21  1:49  Drone  
  21  1:51  Baneling Nest  
  21  2:00  Zergling x2  
  22  2:10  Drone  
  23  2:21  Zergling x2  
  24  2:32  Overlord  
  24  2:35  Extractor  
  23  2:38  Drone, Zergling x2, Baneling x2  
  23  2:39  Evolution Chamber  
  23  2:40  Zergling x2  
  23  2:44  Drone  
  26  2:54  Zergling x2  
  27  3:05  Drone  
  28  3:10  Drone  
  29  3:13  Drone  
  29  3:15  Drone  
  29  3:17  Overlord  
  31  3:28  Drone  
  32  3:38  Drone  
  33  4:13  Drone, Lair, Overlord, Roach  
  33  4:16  Drone  
  37  4:19  Drone, Spore Crawler  
  37  4:24  Roach  
  39  4:26  Spore Crawler  
  39  4:28  Drone  
  39  4:36  Roach  
  41  4:47  Ravager x2  
  41  4:49  Roach  
  43  4:59  Overlord  
  44  5:00  Roach  
  40  5:08  Spine Crawler  
  40  5:10  Zergling x2  
  40  5:11  Drone, Queen  
  40  5:12  Overseer x2  
  40  5:13  Hydralisk Den  
  42  5:23  Hatchery  
  41  5:33  Drone  
  42  5:36  Drone  
  42  5:39  Zergling x2  
  44  5:48  Spine Crawler  
  44  5:49  Hydralisk  
  43  5:55  Infestation Pit  
  44  5:57  Drone  
  45  6:09  Spire  
  45  6:10  Drone  
  45  6:19  Evolution Chamber, Drone  
  45  6:35  Drone  
  45  6:38  Drone  
  45  6:39  Spore Crawler  
  46  6:41  Drone  
  46  6:43  Spore Crawler  
  46  6:44  Drone  
  46  6:46  Drone  
  48  6:51  Drone  
  50  6:54  Drone  
  50  6:57  Drone  
  50  7:00  Drone  
  52  7:03  Drone  
  52  7:06  Drone  
  54  7:09  Drone  
  54  7:12  Drone  
  54  7:15  Drone  
  57  7:18  Drone  
  57  7:20  Drone  
  57  7:22  Spine Crawler  
  58  7:23  Drone  
  58  7:26  Drone  
  58  7:29  Drone  
  61  7:34  Overlord  
  61  7:35  Drone  
  62  7:42  Spine Crawler  
  61  7:44  Drone  
  61  7:47  Drone  
  61  7:48  Queen  
  61  7:50  Drone  
  66  8:02  Pneumatized Carapace  
  66  8:03  Mutalisk  
  66  8:04  Overlord  
  68  8:12  Mutalisk  
  70  8:20  Overseer  
  70  8:22  Mutalisk  
  70  8:24  Overlord  
  72  8:31  Mutalisk  
  74  8:36  Extractor  
  74  8:38  Extractor  
  74  8:40  Corruptor  
  73  8:50  Mutalisk  
  67  8:59  Mutalisk  
  67  9:01  Overseer  
  62  9:03  Drone  
  62  9:06  Drone  
  62  9:09  Mutalisk  
  66  9:18  Mutalisk  
  66  9:19  Hatchery  
  66  9:20  Drone  
  68  9:27  Mutalisk  
  70  9:37  Zerg Flyer Weapons Level 1, Corruptor  
  72  10:10  Hive  
  72  10:11  Overlord  
  72  10:28  Overseer  
  72  10:32  Drone, Queen  
  72  10:35  Drone  
  76  10:38  Drone  
  76  10:41  Drone  
  78  10:44  Drone  
  78  10:46  Overlord  
  78  10:47  Drone, Extractor  
  79  10:50  Drone  
  79  10:53  Drone  
  79  10:55  Spore Crawler  
  79  10:56  Drone  
  81  10:57  Spore Crawler  
  81  10:59  Drone  
  81  11:00  Extractor  
  81  11:02  Drone, Mutalisk  
  69  11:05  Drone  
  69  11:08  Drone  
  69  11:11  Drone, Mutalisk  
  66  11:17  Overseer  
  68  11:20  Mutalisk  
  68  11:25  Spine Crawler  
  69  11:27  Drone  
  69  11:29  Spine Crawler  
  69  11:30  Drone, Mutalisk  
  72  11:33  Drone, Ultralisk Cavern  
  72  11:34  Greater Spire  
  72  11:39  Mutalisk  
  72  11:44  Overlord  
  74  11:47  Mutalisk  
  74  11:49  Mutalisk  
  74  11:51  Mutalisk  
  74  11:53  Overseer  
  80  11:54  Zergling x2  
  80  11:58  Zergling x2  
  82  12:03  Zergling x2, Overlord  
  82  12:05  Zergling x2  
  82  12:08  Zergling x2  
  85  12:10  Zergling x2  
  85  12:12  Zergling x2  
  85  12:14  Zergling x2  
  88  12:16  Zerg Melee Weapons Level 1  
  88  12:17  Zergling x2  
  88  12:19  Zergling x2  
  88  12:22  Zergling x2, Overlord  
  87  12:24  Zergling x2  
  87  12:28  Mutalisk, Viper  
  93  12:33  Mutalisk  
  89  12:38  Mutalisk  
  89  12:42  Mutalisk  
  93  12:49  Mutalisk  
  95  12:53  Overlord  
  95  13:12  Zergling x2  
  92  13:14  Zerg Ground Armor Level 1  
  92  13:15  Zergling x2  
  92  13:18  Metabolic Boost, Zergling x2  
  88  13:21  Mutalisk  
  88  13:25  Mutalisk  
  84  13:28  Zergling x2  
  84  13:31  Zergling x2  
  84  13:34  Zergling x2, Overlord  
  87  13:35  Burrow  
  87  13:37  Zergling x2  
  87  13:40  Zergling x2  
  89  13:43  Zergling x2  
  89  13:45  Zergling x2  
  91  13:48  Zergling x2  
  91  13:51  Zergling x2  
  89  13:55  Mutalisk  
  87  14:03  Mutalisk  
  87  14:08  Zergling x2  
  85  14:15  Zergling x2  
  85  14:16  Overseer  
  80  14:18  Overlord x2  
  80  14:28  Baneling  
  80  14:30  Baneling  
  80  14:31  Baneling  
  80  14:36  Zergling x2  
  81  14:39  Zergling x2, Overlord  
  81  14:41  Mutalisk  
  81  14:43  Mutalisk  
  86  14:46  Mutalisk  
  86  14:47  Hatchery  
  86  14:48  Mutalisk  
  86  14:51  Mutalisk  
  86  14:52  Baneling  
  91  14:54  Mutalisk  
  91  14:57  Baneling  
  91  14:58  Zergling x2, Overlord  
  94  15:01  Baneling  
  94  15:16  Corruptor  
  94  15:17  Queen  
  84  15:26  Hydralisk  
  71  15:29  Drone  
  71  15:32  Drone  
  71  15:33  Hydralisk  
  71  15:35  Drone  
  45  15:41  Zergling x2, Overlord  
  43  15:43  Overlord  
  29  16:05  Overlord  
  29  16:12  Overlord  
  29  16:13  Overlord  
  29  16:16  Hatchery, Overlord  
  27  16:30  Drone  
Show
View Real Time Build Order
Export as new Build Order

A.I. 4 (Medium) Terran 

Build Orders:  

Get SALT Encoding   

  12  0:01  SCV  
  13  0:13  SCV  
  14  0:18  Supply Depot  
  14  0:25  SCV  
  15  0:40  SCV  
  16  0:43  Barracks  
  16  0:49  Refinery  
  16  0:52  SCV  
  18  1:04  SCV  
  18  1:18  Supply Depot  
  18  1:30  Marine  
  19  1:35  Orbital Command, Barracks  
  19  1:42  Refinery  
  19  1:49  Barracks Tech Lab  
  19  2:07  Marine  
  20  2:14  Supply Depot  
  20  2:25  Marine  
  21  2:30  Marine  
  22  2:42  Marine  
  23  2:47  Supply Depot  
  23  2:53  Marine  
  23  2:54  SCV  
  25  3:05  Marine  
  26  3:07  SCV  
  26  3:08  Engineering Bay  
  27  3:16  Marine  
  27  3:19  SCV  
  29  3:28  Marauder  
  29  3:31  SCV  
  32  3:39  Marine  
  33  3:43  SCV  
  33  3:47  Supply Depot  
  34  3:51  Marauder  
  34  3:55  SCV  
  37  4:13  Marauder  
  39  4:34  Marauder  
  41  6:26  Barracks Tech Lab  
  41  6:29  Factory  
  41  6:32  Factory  
  41  6:35  Missile Turret  
  41  6:37  Missile Turret  
  41  6:39  Sensor Tower, Command Center  
  41  6:44  Barracks  
  41  6:47  Supply Depot  
  40  6:58  Bunker  
  40  7:00  Marine  
  25  7:12  Marine  
  26  7:18  Starport, Factory Tech Lab  
  26  7:19  Factory Tech Lab  
  26  7:22  Armory  
  26  7:24  Marine  
  27  7:31  Barracks Reactor  
  27  7:37  Marine  
  27  7:49  Marine  
  28  7:52  SCV  
  28  7:56  SCV  
  30  8:01  Marine  
  30  8:03  Starport Tech Lab, Refinery  
  30  8:04  SCV  
  32  8:08  Missile Turret, SCV  
  33  8:13  Marine  
  33  8:17  SCV  
  33  8:18  Missile Turret  
  33  8:19  Refinery  
  35  8:20  SCV  
  35  8:23  Raven  
  35  8:25  Marine  
  39  8:29  SCV  
  39  8:32  SCV  
  41  8:38  Bunker, Siege Tank  
  41  8:41  SCV  
  45  8:44  SCV  
  46  8:50  Siege Tank  
  46  8:53  SCV  
  50  8:56  SCV  
  53  9:02  Marauder  
  53  9:05  Raven, SCV  
  53  9:08  SCV  
  57  9:15  Marauder  
  59  9:17  SCV  
  59  9:21  SCV  
  61  9:27  Cyclone  
  61  9:29  SCV  
  65  9:33  SCV  
  66  9:41  SCV  
  67  9:54  Raven  
  67  9:55  Marauder  
  54  10:07  Marine  
  55  10:20  Marine  
  56  10:32  Marine  
  57  10:44  Marine  
  51  10:52  Viking  
  51  10:56  Supply Depot  
  43  10:58  SCV  
  43  10:59  Hellion  
  34  11:07  Hellion  
  34  11:10  SCV  
  31  11:15  Missile Turret  
  24  11:21  Hellion  
  24  11:22  SCV  
  28  11:28  Hellion  
  21  11:34  SCV  
  19  11:41  Command Center  
  19  11:42  Command Center  
  19  11:46  SCV  
  13  11:58  SCV  
  7  12:10  SCV  
  5  12:22  SCV  
  5  12:35  SCV  
  6  12:47  SCV  
  6  12:53  SCV  
  6  12:56  SCV  
  8  12:59  SCV  
  10  13:05  SCV  
  10  13:09  Barracks  
  10  13:25  SCV  
  11  13:28  SCV  
  12  13:36  SCV  
  12  13:41  SCV  
  14  13:44  SCV  
  15  13:49  SCV  
  15  13:53  SCV  
  17  13:56  Marine, SCV  
  17  14:01  SCV  
  17  14:02  Factory  
  20  14:05  SCV  
  20  14:08  SCV  
  22  14:16  SCV  
  17  14:20  SCV  
  14  14:32  SCV  
  14  14:34  SCV  
  9  14:46  Command Center  
  9  14:47  SCV  
  8  15:01  Supply Depot  
  1  15:41  Command Center  
Show
View Real Time Build Order
Export as new Build Order

A.I. 5 (Medium) Protoss 

Build Orders:  

Get SALT Encoding   

  12  0:01  Probe (Chrono Boost)  
  13  0:11  Probe (Chrono Boost)  
  14  0:21  Pylon  
  14  0:22  Probe (Chrono Boost)  
  15  0:39  Probe (Chrono Boost)  
  16  0:47  Assimilator  
  16  0:49  Gateway  
  16  0:50  Probe (Chrono Boost)  
  17  0:59  Pylon  
  17  1:00  Probe (Chrono Boost)  
  18  1:29  Gateway  
  18  1:33  Assimilator  
  18  1:39  Cybernetics Core  
  18  1:43  Zealot  
  20  2:02  Pylon  
  20  2:08  Zealot  
  20  2:10  Warp Gate  
  22  2:21  Adept  
  24  2:35  Adept  
  26  2:50  Adept  
  28  2:53  Pylon, Probe (Chrono Boost)  
  29  3:02  Stalker  
  29  3:05  Probe (Chrono Boost)  
  32  3:14  Forge  
  32  3:16  Adept  
  32  3:17  Probe (Chrono Boost)  
  35  3:29  Probe (Chrono Boost)  
  35  3:30  Adept  
  38  3:40  Probe (Chrono Boost)  
  39  3:52  Probe (Chrono Boost)  
  40  5:29  Stalker  
  40  5:31  Probe (Chrono Boost)  
  43  5:37  Pylon  
  43  5:40  Photon Cannon  
  43  5:42  Sentry, Photon Cannon  
  45  5:43  Nexus  
  45  5:45  Robotics Facility  
  45  5:48  Stargate  
  45  5:52  Twilight Council  
  45  5:54  Gateway  
  45  5:56  Stalker  
  48  5:57  Forge, Probe (Chrono Boost)  
  48  6:03  Pylon  
  44  6:09  Stalker  
  34  6:22  Sentry  
  36  6:34  Observer  
  36  6:35  Sentry  
  39  6:48  Stalker  
  39  6:54  Observer  
  41  6:57  Probe (Chrono Boost)  
  41  6:58  Probe (Chrono Boost)  
  44  7:01  Zealot  
  44  7:06  Assimilator  
  47  7:09  Probe (Chrono Boost)  
  47  7:10  Pylon, Probe (Chrono Boost)  
  47  7:12  Pylon  
  47  7:14  Adept  
  50  7:20  Probe (Chrono Boost)  
  50  7:21  Probe (Chrono Boost)  
  52  7:27  Zealot  
  54  7:31  Probe (Chrono Boost)  
  54  7:32  Probe (Chrono Boost)  
  54  7:33  Photon Cannon  
  54  7:34  Photon Cannon  
  56  7:40  Adept  
  56  7:43  Probe x2 (Chrono Boost)  
  60  7:54  Probe (Chrono Boost)  
  60  7:55  Probe (Chrono Boost)  
  62  8:04  Probe (Chrono Boost)  
  64  8:05  Probe (Chrono Boost)  
  64  8:15  Probe (Chrono Boost)  
  64  8:16  Probe (Chrono Boost)  
  66  8:25  Probe (Chrono Boost)  
  66  8:27  Probe (Chrono Boost)  
  68  8:36  Probe (Chrono Boost)  
  68  8:37  Probe (Chrono Boost)  
  70  8:52  Assimilator  
  68  9:45  Zealot  
  68  9:52  Probe (Chrono Boost)  
  62  9:56  Protoss Ground Weapons Level 1  
  62  9:58  Probe (Chrono Boost)  
  62  9:59  Observer, Zealot, Protoss Ground Armor Level 1  
  52  10:04  Gateway  
  52  10:05  Probe (Chrono Boost)  
  44  10:09  Stargate, Probe (Chrono Boost)  
  44  10:13  Sentry, Dark Shrine  
  39  10:16  Nexus  
  39  10:17  Probe (Chrono Boost)  
  39  10:18  Warp Prism  
  39  10:21  Probe (Chrono Boost)  
  40  10:22  Robotics Facility  
  40  10:25  Templar Archives  
  40  10:26  Adept  
  43  10:29  Probe (Chrono Boost)  
  43  10:31  Robotics Bay  
  43  10:34  Probe (Chrono Boost)  
  44  10:39  Sentry  
  44  10:40  Probe (Chrono Boost)  
  47  10:46  Probe (Chrono Boost)  
  44  10:51  Probe (Chrono Boost)  
  44  10:52  Sentry  
  44  10:54  Warp Prism  
  43  11:00  Probe (Chrono Boost)  
  43  11:02  Probe (Chrono Boost)  
  45  11:05  Adept  
  45  11:09  Observer  
  45  11:10  Probe (Chrono Boost)  
  47  11:15  Probe (Chrono Boost)  
  47  11:18  Stalker  
  50  11:21  Void Ray, Probe (Chrono Boost)  
  53  11:27  Probe (Chrono Boost)  
  56  11:37  Immortal  
  58  11:46  Pylon  
  58  11:49  Pylon  
  58  11:52  Stalker  
  60  12:00  Stalker  
  62  12:06  Probe (Chrono Boost)  
  62  12:07  Stalker  
  65  12:10  Void Ray, Probe (Chrono Boost)  
  65  12:12  Robotics Bay  
  66  12:17  Pylon  
  66  12:19  Pylon  
  66  12:26  Probe (Chrono Boost)  
  66  12:28  Zealot  
  66  12:29  Probe (Chrono Boost)  
  60  12:41  Zealot  
  62  12:48  Pylon  
  60  12:53  Observer Gravitic Boosters  
  60  12:54  Pylon, Dark Templar  
  60  12:56  Pylon  
  54  13:08  Stalker  
  54  13:10  Probe (Chrono Boost)  
  54  13:22  Zealot  
  54  13:26  Pylon  
  54  13:27  Probe (Chrono Boost)  
  55  13:30  Probe (Chrono Boost)  
  55  13:33  Stargate  
  50  13:35  Stalker  
  39  13:45  Pylon  
  39  13:48  Pylon  
  39  13:51  Zealot  
  26  13:55  High Templar  
  15  14:06  Stalker  
Tags
 
Add a new tag
Caveats
  • Supply blocks, unpowered buildings, or Contaminate may cause inaccurate times.
  • Supply counts are checked every 10 seconds.